Map: Abyssal Reef LE

Players

YngFuture (Future)

  • Race: Terran Terran
  • League: Grandmaster
  • Spawn Location: 5:00

Railgan - Winner!

  • Race: Zerg Zerg
  • League: Grandmaster
  • Spawn Location: 11:00

VOD

Have the link to the VOD?

Description

Time

  • Played on: March 3, 2017, 3:22 p.m.
  • Length: 8:59
Show
View Real Time Build Order
Export as new Build Order

YngFuture Terran 

Build Orders: MMM Bio 

Get SALT Encoding   

  12  0:00  SCV  
  13  0:12  SCV  
  14  0:17  Supply Depot  
  14  0:24  SCV  
  15  0:38  SCV  
  15  0:40  Barracks  
  16  0:50  SCV  
  16  0:56  Refinery  
  17  1:02  SCV  
  18  1:15  SCV  
  19  1:27  Marine  
  19  1:28  Orbital Command  
  20  1:42  Command Center  
  20  1:45  Barracks Reactor  
  20  1:54  SCV  
  21  2:01  Barracks  
  21  2:06  SCV  
  21  2:15  Bunker  
  21  2:17  Supply Depot  
  21  2:20  SCV  
  22  2:24  Marine  
  23  2:36  Factory  
  23  2:38  SCV  
  23  2:41  Marine  
  25  2:44  Refinery  
  25  2:50  Barracks Tech Lab  
  25  2:51  SCV  
  26  2:58  Orbital Command  
  26  3:03  SCV  
  27  3:06  Marine  
  27  3:12  Marine, Stimpack  
  29  3:15  Marine  
  29  3:17  SCV  
  31  3:24  SCV  
  32  3:30  SCV  
  32  3:32  Starport  
  32  3:34  Marine  
  33  3:36  SCV  
  33  3:37  Factory Reactor  
  33  3:38  Marine  
  33  3:39  Marine  
  37  3:42  SCV  
  37  3:48  SCV  
  39  3:52  Marine  
  39  3:54  Supply Depot, SCV  
  41  3:56  Marine  
  41  3:59  Marine  
  41  4:00  SCV  
  44  4:05  Supply Depot  
  44  4:06  SCV  
  44  4:09  Marine  
  45  4:15  Marine, SCV  
  45  4:17  Marine, Medivac x2  
  48  4:22  Engineering Bay  
  53  4:25  SCV  
  53  4:28  SCV  
  55  4:35  Engineering Bay, Marine  
  55  4:37  SCV  
  57  4:39  Marine  
  57  4:40  Factory Tech Lab, SCV  
  57  4:41  Marine  
  60  4:49  Supply Depot, SCV  
  61  4:53  SCV  
  61  4:57  Supply Depot  
  62  5:02  Supply Depot  
  62  5:03  Terran Infantry Weapons Level 1  
  62  5:05  Terran Infantry Armor Level 1  
  62  5:10  Marine x2  
  62  5:11  SCV x2  
  62  5:12  Marine  
  67  5:20  Supply Depot  
  67  5:23  SCV x2, Combat Shields  
  69  5:28  Marine x2  
  69  5:32  Marine  
  72  5:39  SCV  
  72  5:41  SCV  
  73  5:43  Siege Tank  
  73  5:45  Command Center  
  73  5:46  Marine x2  
  73  5:48  Refinery  
  78  5:52  SCV  
  79  5:59  Barracks  
  79  6:01  Barracks  
  79  6:02  Barracks  
  79  6:03  Refinery  
  79  6:06  SCV  
  79  6:07  SCV  
  79  6:10  Marine x2  
  83  6:12  Marine  
  83  6:15  Siege Tank  
  83  6:17  Supply Depot  
  87  6:23  Armory  
  85  6:26  SCV  
  85  6:28  Marine x2  
  85  6:32  Medivac, SCV  
  91  6:38  SCV  
  92  6:41  Missile Turret  
  92  6:43  Marine  
  92  6:44  SCV  
  94  6:50  SCV  
  94  6:52  Marine x2  
  94  6:53  Barracks Reactor x2  
  97  6:56  Barracks Reactor  
  99  7:01  Marauder  
  99  7:06  SCV  
  100  7:10  Marine x2  
  100  7:11  Supply Depot  
  100  7:14  SCV  
  103  7:22  Marine  
  104  7:25  SCV  
  104  7:28  Marine  
  104  7:29  Orbital Command  
  106  7:30  Missile Turret  
  106  7:36  Concussive Shells  
  106  7:43  Marine x3  
  108  7:45  Marine x2  
  108  7:46  Marine x2  
  108  7:50  Marine  
  110  7:54  Siege Tank  
  110  7:57  Missile Turret  
  112  8:01  Marine  
  112  8:03  SCV x3  
  115  8:14  Medivac  
  115  8:15  Medivac, SCV x2  
  115  8:19  Supply Depot  
  120  8:21  Marine x3, Marauder  
  120  8:26  Marine  
  105  8:34  Marine x4  
  105  8:37  SCV x3  
  105  8:39  Marine x3  
Show
View Real Time Build Order
Export as new Build Order

Railgan Zerg - Winner!

Build Orders: Pool First 

Get SALT Encoding   

  12  0:01  Drone  
  13  0:12  Overlord  
  13  0:17  Drone  
  14  0:31  Drone x2  
  14  0:34  Drone  
  17  0:46  Spawning Pool  
  17  0:48  Drone  
  17  1:03  Drone  
  18  1:12  Hatchery  
  18  1:15  Drone  
  18  1:17  Extractor  
  17  1:20  Drone  
  18  1:34  Zergling x2  
  18  1:36  Roach Warren  
  18  1:42  Queen  
  18  1:45  Drone  
  21  1:49  Drone  
  22  2:00  Overlord  
  22  2:18  Queen  
  22  2:19  Drone  
  26  2:22  Drone  
  26  2:26  Drone  
  26  2:28  Queen  
  29  2:37  Drone x2  
  29  2:43  Overlord  
  31  2:49  Drone  
  32  2:57  Drone x3  
  34  2:59  Lair  
  34  3:04  Drone  
  34  3:05  Drone  
  36  3:09  Drone  
  37  3:14  Drone  
  38  3:20  Overlord  
  38  3:23  Drone x2  
  40  3:27  Drone  
  40  3:28  Drone  
  40  3:32  Drone x2  
  44  3:34  Extractor  
  44  3:35  Extractor  
  44  3:39  Drone x2  
  44  3:40  Drone  
  45  3:46  Drone  
  46  3:50  Overlord  
  46  3:54  Extractor  
  45  3:56  Drone x2  
  45  3:58  Drone x2  
  45  3:59  Spire  
  45  4:02  Drone x3  
  51  4:03  Drone  
  52  4:11  Glial Reconstitution  
  52  4:15  Overlord  
  52  4:28  Hatchery  
  52  4:31  Roach x3  
  57  4:34  Overlord  
  57  4:41  Overseer  
  57  4:42  Overlord  
  57  4:44  Overlord  
  57  4:46  Roach x2  
  57  4:48  Roach  
  65  4:53  Roach x2  
  67  5:05  Roach  
  67  5:06  Roach x4  
  77  5:15  Roach x2  
  77  5:20  Roach x2  
  77  5:21  Roach  
  87  5:41  Mutalisk x4  
  93  5:43  Queen  
  93  5:45  Mutalisk  
  93  5:47  Drone  
  98  5:50  Evolution Chamber  
  98  5:51  Evolution Chamber  
  98  5:52  Overlord  
  98  5:55  Drone x2  
  98  5:57  Overlord  
  98  5:59  Overlord  
  98  6:00  Overlord  
  98  6:05  Overlord  
  98  6:09  Overlord  
  98  6:12  Drone  
  98  6:13  Drone x2  
  101  6:20  Roach x2  
  101  6:23  Zerg Missile Weapons Level 1  
  105  6:27  Drone  
  105  6:28  Drone x3  
  105  6:29  Drone  
  110  6:33  Drone x3  
  110  6:39  Zerg Ground Armor Level 1  
  113  6:42  Drone x2  
  115  6:48  Drone  
  115  6:49  Drone  
  115  6:52  Extractor  
  115  6:53  Extractor  
  115  6:56  Drone x5  
  115  6:57  Drone x2  
  120  7:04  Overlord  
  120  7:07  Overlord  
  120  7:09  Hatchery  
  119  7:17  Overlord  
  119  7:23  Roach x3  
  119  7:24  Ravager x2  
  119  7:25  Ravager x4  
  119  7:28  Roach x5  
  141  7:31  Roach  
  141  7:32  Roach  
  141  7:33  Drone  
  141  7:36  Roach x2  
  150  7:38  Roach  
  150  7:41  Roach  
  154  7:46  Roach  
  156  7:56  Roach x5  
  156  7:57  Roach x2  
  170  8:02  Overlord x3  
  170  8:11  Overlord  
  170  8:20  Roach x4  
  170  8:21  Roach x3  
Tags
 
Composition
MMM Bio
Matchup
TvZ
Opening
Pool First
Player
Future
Replay Pack
Railgan Replays
Spawn Locations
Cross Positions
Add a new tag
Caveats
  • Supply blocks, unpowered buildings, or Contaminate may cause inaccurate times.
  • Supply counts are checked every 10 seconds.